[Event "FIDE World Rapid Chess Championship 2021"]
[White "Svane, Rasmus"]
[Black "Maghsoodloo, Parham"]
[WhiteFideId "4657101"]
[BlackFideId "12539929"]
[WhiteElo "2677"]
[BlackElo "2512"]
[Result "1/2-1/2"]
[Round "12"]
[TimeControl "900+10"]
[Date "2021.12.28"]
[WhiteClock "0:01:01"]
[BlackClock "0:00:24"]

1. Nf3 d5 2. g3 c6 3. Bg2 Bf5 4. O-O Nd7 5. c4 e6 6. Qb3 Nc5 7. Qc3 Ne4 8. Qb3 Nc5 9. Qc3 Nf6 10. d3 Be7 11. b4 Ncd7 12. Bb2 a5 13. a3 O-O 14. Nbd2 h6 15. e4 Bh7 16. e5 Ne8 17. Nb3 a4 18. Nbd4 c5 19. Nb5 d4 20. Qd2 Nc7 21. Nxc7 Qxc7 22. Rfe1 Rfe8 23. Rad1 Rab8 24. b5 Ra8 25. Qe2 Qb8 26. Bc1 Bd8 27. Bd2 Bc7 28. h3 Qa7 29. g4 Rf8 30. Bf4 Rae8 31. Bg3 Qb8 32. Nd2 f6 33. f4 fxe5 34. fxe5 Rf7 35. Be4 Bxe4 36. Qxe4 Ref8 37. Re2 Ba5 38. Rf1 Bxd2 39. Rxf7 Rxf7 40. Rxd2 Rf8 41. Re2 Rf7 42. Rd2 Qc7 43. Kg2 Nf8 44. Rb2 Qa5 45. Be1 Qd8 46. Rf2 b6 47. Rxf7 Kxf7 48. h4 Kg8 49. Kg3 Qe8 50. h5 Qf7 51. Kg2 Qe7 52. Bg3 Qg5 53. Qf4 Qe7 54. Qf3 Qa7 55. Be1 Qe7 56. Bg3 Qg5 57. Bf4 Qh4 58. Bg3 Qe7 59. Bf4 Qa7 60. Bd2 Qc7 61. Qe4 Qe7 62. Kg3 Qf7 63. Bf4 Qa7 64. Bd2 Qf7 65. Qf3 Qc7 66. Bf4 g5 67. hxg6 Nxg6 68. Qe4 Kg7 69. Kg2 Qe7 70. Bg3 Qg5 71. Qb7+ Kf8 72. Qxb6 Qd2+ 73. Kh3 Qxd3 74. Qxc5+ Kf7 75. Qc7+ Ne7 76. b6 Qf1+ 77. Kh2 Qe2+ 78. Kh3 d3 79. Bh4 Qf3+ 80. Kh2 Qf4+ 81. Kh3 Qe3+ 82. Kg2 Qe4+ 83. Kh2 Qe2+ 84. Kh3 Qf3+ 85. Kh2 Qf4+ 86. Kh3 Qe3+ 87. Kg2 Qd2+ 88. Kh3 Qe3+ 1/2-1/2


[Site "http://www.Chess.com"]

[Event "FIDE World Rapid Chess Championship 2021"]
[White "Bluebaum, Matthias"]
[Black "Artemiev, Vladislav"]
[WhiteFideId "24651516"]
[BlackFideId "24101605"]
[WhiteElo "2575"]
[BlackElo "2714"]
[Result "1/2-1/2"]
[Round "12"]
[TimeControl "900+10"]
[Date "2021.12.28"]
[WhiteClock "0:02:11"]
[BlackClock "0:00:22"]

1. d4 d5 2. c4 e6 3. Nc3 Nf6 4. cxd5 exd5 5. Bg5 c6 6. e3 Be7 7. Bd3 Nbd7 8. h3 Nf8 9. Nf3 Ne6 10. Bh4 g6 11. O-O O-O 12. Rb1 a5 13. a3 Ng7 14. b4 axb4 15. axb4 Bf5 16. b5 Bxd3 17. Qxd3 Nf5 18. Bxf6 Bxf6 19. bxc6 bxc6 20. Rb3 Nd6 21. Rfb1 Qc7 22. Qc2 Rfc8 23. Nd2 Qa7 24. R3b2 Qc7 25. Na4 Nb5 26. Ra2 Be7 27. Rba1 Ra7 28. Nc5 Rca8 29. Rxa7 Rxa7 30. Rc1 Bd6 31. Nd3 Ba3 32. Ra1 Bd6 33. Rxa7 Nxa7 34. Nf3 Nc8 35. Qa4 Ne7 36. Qa8+ Kg7 37. Nde5 Qb8 38. Qxb8 Bxb8 39. Nd3 Bd6 40. g4 h6 41. Kg2 Kf6 42. Nfe5 Bxe5 43. Nxe5 Ke6 44. Nd3 g5 45. f4 f6 46. Kf3 Nc8 47. Nc5+ Ke7 48. Na6 Kd7 49. Nc5+ Ke7 50. Na6 Kd7 51. Nc5+ Ke7 1/2-1/2


[Site "http://www.Chess.com"]

[Event "FIDE World Rapid Chess Championship 2021"]
[White "Nihal, Sarin"]
[Black "Paravyan, David"]
[WhiteFideId "25092340"]
[BlackFideId "4194985"]
[WhiteElo "2500"]
[BlackElo "2671"]
[Result "1/2-1/2"]
[Round "12"]
[TimeControl "900+10"]
[Date "2021.12.28"]
[WhiteClock "0:00:27"]
[BlackClock "0:01:35"]

1. d4 Nf6 2. Nf3 g6 3. g3 Bg7 4. Bg2 d5 5. O-O O-O 6. c3 Nbd7 7. a4 a5 8. Re1 Re8 9. Bf4 Nh5 10. Bg5 h6 11. Be3 c6 12. Nbd2 Nhf6 13. h3 e5 14. dxe5 Nxe5 15. Nxe5 Rxe5 16. Bd4 Re8 17. Qb3 Ne4 18. Bxg7 Kxg7 19. Nxe4 dxe4 20. Rad1 Qe7 21. e3 Bf5 22. Qb6 Ra6 23. Qd4+ Kh7 24. Bf1 c5 25. Qc4 Kg7 26. Rd2 Rd6 27. Red1 Rxd2 28. Rxd2 b6 29. Qd5 h5 30. h4 Qf6 31. Qd6 Re6 32. Qf4 Re5 33. Bc4 Qe7 34. Rd5 f6 35. Kh2 Bd7 36. Rxe5 Qxe5 37. Qxe5 fxe5 38. b3 Kf6 39. Kg2 Be6 40. Bxe6 Kxe6 41. c4 Kf6 42. Kh3 g5 43. g4 Kg6 44. Kg3 hxg4 45. Kxg4 gxh4 46. Kxh4 Kh6 47. Kg4 Kg6 48. Kh4 Kh6 49. Kg4 Kg6 50. Kh4 1/2-1/2


[Site "http://www.Chess.com"]

[Event "FIDE World Rapid Chess Championship 2021"]
[White "Martirosyan, Haik M."]
[Black "Gelfand, Boris"]
[WhiteFideId "13306553"]
[BlackFideId "2805677"]
[WhiteElo "2377"]
[BlackElo "2648"]
[Result "1/2-1/2"]
[Round "12"]
[TimeControl "900+10"]
[Date "2021.12.28"]
[WhiteClock "0:00:56"]
[BlackClock "0:00:17"]

1. d4 Nf6 2. c4 e6 3. Nf3 d5 4. Nc3 c6 5. Bg5 h6 6. Bxf6 Qxf6 7. e3 g6 8. Bd3 Bg7 9. O-O dxc4 10. Bxc4 Nd7 11. Ne4 Qe7 12. Qc2 b6 13. Bb5 Bb7 14. Bxc6 Rc8 15. Bxd7+ Qxd7 16. Nc3 O-O 17. Qe2 Qc6 18. Rac1 Rfd8 19. Rfd1 a6 20. a3 Qc4 21. Qxc4 Rxc4 22. Ne5 Rc7 23. f4 g5 24. g3 Rdc8 25. Nd3 Bf8 26. Na4 Rc2 27. Nxb6 Rg2+ 28. Kf1 Rxc1 29. Rxc1 Rxh2 30. Nd7 gxf4 31. exf4 Bg7 32. Rc7 Bd5 33. Rc8+ Kh7 34. Nf8+ Bxf8 35. Rxf8 Kg7 36. Rd8 Rd2 37. Ne5 Rxd4 38. Rd7 Bc4+ 39. Kf2 Rxd7 40. Nxd7 f6 41. Nc5 Kf7 42. b3 Bd5 43. b4 Bc4 44. a4 e5 45. fxe5 fxe5 46. Ke3 Ke7 47. Ne4 h5 48. Nc3 Ke6 49. Ke4 Bf1 50. Ke3 Kf5 51. Ne4 Ke6 52. Nc3 Kf5 53. b5 axb5 54. Nxb5 Kg4 55. Kf2 Bd3 56. Nc3 Kf5 57. Ke3 Bc4 58. Ne4 Ke6 59. a5 Kd5 60. Nf6+ Kc6 61. Nxh5 Be6 62. Ke4 Kb5 63. Kxe5 Bg4 64. Nf6 Bh3 65. Ne4 Kxa5 66. Ng5 Bg4 67. Kf4 Bc8 68. Ne4 Kb6 69. Nd6 Bh3 70. g4 Bxg4 71. Kxg4 1/2-1/2


[Site "http://www.Chess.com"]

[Event "FIDE World Rapid Chess Championship 2021"]
[White "Anton Guijarro, David"]
[Black "Puranik, Abhimanyu"]
[WhiteFideId "2285525"]
[BlackFideId "5061245"]
[WhiteElo "2627"]
[BlackElo "2472"]
[Result "1-0"]
[Round "12"]
[TimeControl "900+10"]
[Date "2021.12.28"]
[WhiteClock "0:01:40"]
[BlackClock "0:01:44"]

1. Nf3 Nf6 2. c4 c5 3. Nc3 d5 4. cxd5 Nxd5 5. g3 Nc6 6. Bg2 Nc7 7. a3 e5 8. b4 Bd6 9. bxc5 Bxc5 10. Bb2 O-O 11. Ne4 Bd4 12. Nxd4 Nxd4 13. e3 Nc6 14. O-O f5 15. Nc5 Kh8 16. Rc1 Qd6 17. f4 e4 18. d3 exd3 19. Qxd3 Qe7 20. Rfe1 Rd8 21. Qc3 Qf8 22. e4 Nb5 23. Qe3 fxe4 24. Bxe4 Nd6 25. Bg2 Nf5 26. Qf2 Rb8 27. g4 Nfd4 28. f5 b6 29. Ne6 Bxe6 30. Bxc6 Nxc6 31. Rxe6 Na5 32. Rc7 Rd1+ 33. Re1 Rxe1+ 34. Qxe1 Re8 35. Qc3 1-0


[Site "http://www.Chess.com"]

[Event "FIDE World Rapid Chess Championship 2021"]
[White "Amin, Bassem"]
[Black "Sargsyan, Shant"]
[WhiteFideId "10601457"]
[BlackFideId "13306766"]
[WhiteElo "2614"]
[BlackElo "2344"]
[Result "0-1"]
[Round "12"]
[TimeControl "900+10"]
[Date "2021.12.28"]
[WhiteClock "0:00:52"]
[BlackClock "0:02:16"]

1. e4 e5 2. Nf3 Nc6 3. Bc4 Nf6 4. d3 Bc5 5. O-O h6 6. c3 d6 7. Re1 O-O 8. h3 a5 9. d4 Ba7 10. Bb3 Re8 11. Bc2 exd4 12. cxd4 Nb4 13. Nc3 Nxc2 14. Qxc2 c6 15. a4 Be6 16. Bf4 d5 17. e5 Ne4 18. Nxe4 dxe4 19. Qxe4 Bd5 20. Qd3 Bxf3 21. Qxf3 Qxd4 22. Rad1 Qxb2 23. Rb1 Qa2 24. Rxb7 Bd4 25. Bg3 Qe6 26. Re4 Rad8 27. Qg4 c5 28. Qxe6 Rxe6 29. Ra7 f5 30. Re1 g5 31. Bh2 Rb8 32. Kf1 f4 33. g3 f3 34. g4 Rb2 35. Bg3 c4 36. Rxa5 c3 37. Rd5 Rd2 38. a5 c2 39. Rd7 Rxe5 40. Rd8+ Kf7 41. Rd7+ Ke6 42. Bxe5 Rxf2+ 43. Kg1 Re2+ 0-1


[Site "http://www.Chess.com"]

[Event "FIDE World Rapid Chess Championship 2021"]
[White "Narayanan.S.L, "]
[Black "Ponkratov, Pavel"]
[WhiteFideId "5058422"]
[BlackFideId "4157800"]
[WhiteElo "2482"]
[BlackElo "2614"]
[Result "1/2-1/2"]
[Round "12"]
[TimeControl "900+10"]
[Date "2021.12.28"]
[WhiteClock "0:00:13"]
[BlackClock "0:01:35"]

1. e4 e6 2. d4 d5 3. Nc3 Bb4 4. e5 c5 5. Bd2 Ne7 6. a3 Bxc3 7. Bxc3 b6 8. h4 Ba6 9. Bxa6 Nxa6 10. h5 h6 11. Nf3 Qd7 12. Qe2 Nc7 13. a4 Nc6 14. Rh4 Qc8 15. Rg4 Rg8 16. Bd2 Ne7 17. Be3 c4 18. c3 Qd7 19. Qc2 O-O-O 20. Kf1 f5 21. exf6 gxf6 22. Rxg8 Rxg8 23. Bf4 Nf5 24. Re1 Qg7 25. g3 Qg4 26. Ng1 e5 27. dxe5 Ne6 28. Qd1 Nxf4 29. Qxg4 Rxg4 30. exf6 Nd6 31. gxf4 Rxf4 32. Re5 Rxf6 33. Rxd5 Kd7 34. Ne2 Kc6 35. Re5 Nb7 36. Nd4+ Kd6 37. Rf5 Rxf5 38. Nxf5+ Ke6 39. Nxh6 Nc5 40. Ng4 Nxa4 41. h6 Kf7 42. Ne5+ Kf6 43. Nxc4 b5 44. Nd6 Nxb2 45. Nxb5 a6 46. Na3 Kg6 47. c4 Na4 48. Ke2 Kxh6 49. Ke3 Kg5 50. Nc2 Kf6 51. Kd4 Nb6 52. c5 Nc8 53. Kd5 a5 54. Kc6 Ke5 55. Kb5 Kd5 56. Ne3+ Kd4 57. Nc2+ Kd5 58. Na3 Na7+ 59. Kb6 Nc8+ 60. Kb5 Na7+ 61. Kb6 Nc8+ 62. Kc7 Ne7 63. Kb6 Nc8+ 64. Kb5 Na7+ 65. Ka6 Nc8 1/2-1/2


[Site "http://www.Chess.com"]

[Event "FIDE World Rapid Chess Championship 2021"]
[White "Babazada, Khazar"]
[Black "Efimenko, Zahar"]
[WhiteFideId "13413554"]
[BlackFideId "14107201"]
[WhiteElo "2170"]
[BlackElo "2609"]
[Result "0-1"]
[Round "12"]
[TimeControl "900+10"]
[Date "2021.12.28"]
[WhiteClock "0:03:02"]
[BlackClock "0:01:34"]

1. e4 g6 2. Nc3 Bg7 3. d4 d6 4. Nf3 Nf6 5. Be2 O-O 6. O-O Bg4 7. Be3 Nc6 8. d5 Bxf3 9. Bxf3 Ne5 10. Be2 c6 11. dxc6 bxc6 12. f4 Ned7 13. Qd2 Rb8 14. b3 Qa5 15. Rad1 Rfe8 16. Bf3 e5 17. Na4 Qxd2 18. Rxd2 exf4 19. Bxf4 Nxe4 20. Bxe4 Rxe4 21. Rxd6 Bd4+ 22. Rxd4 Rxd4 23. Bxb8 Nxb8 24. Nc5 Nd7 25. Nd3 f5 26. Re1 Kf7 27. Kf2 c5 28. Rd1 Kf6 29. Ke3 g5 30. Rf1 f4+ 31. Kf3 c4 32. Nf2 Ne5+ 33. Ke2 Ke6 34. Rd1 Kd5 35. Rxd4+ Kxd4 36. bxc4 Nxc4 37. Ng4 Ne3 38. Nf6 Nxg2 39. Nxh7 g4 40. Nf6 Ne3 41. Kf2 a5 42. a4 Kc4 43. Nh5 Nd5 44. Ke2 Kc3 45. Ng7 Kxc2 46. Nf5 Kc3 47. Nd6 Kb4 48. Kd3 Kxa4 49. Kd4 0-1


[Site "http://www.Chess.com"]

[Event "FIDE World Rapid Chess Championship 2021"]
[White "Sargissian, Gabriel"]
[Black "Theodorou, Nikolas"]
[WhiteFideId "13300881"]
[BlackFideId "4262875"]
[WhiteElo "2693"]
[BlackElo "2559"]
[Result "1-0"]
[Round "12"]
[TimeControl "900+10"]
[Date "2021.12.28"]
[WhiteClock "0:02:47"]
[BlackClock "0:00:13"]

1. d4 Nf6 2. c4 g6 3. Nc3 Bg7 4. e4 d6 5. Nf3 O-O 6. Be2 b6 7. O-O e5 8. Re1 Nc6 9. d5 Ne7 10. b4 a5 11. bxa5 Rxa5 12. a4 c5 13. Ra3 Bd7 14. Bd2 Ra6 15. Qc2 Nh5 16. Nb5 Nc8 17. Bg5 Bf6 18. Bd2 Bg7 19. g3 h6 20. Rea1 f5 21. Nh4 Nf4 22. Bxf4 exf4 23. Nxg6 Re8 24. Rf1 fxe4 25. Nxf4 Bf5 26. Ne6 Bxe6 27. dxe6 Rxe6 28. Bg4 Re5 29. Re3 Na7 30. Rxe4 Nxb5 31. axb5 Rxe4 32. Qxe4 Ra2 33. Re1 Qf6 34. Re2 Rxe2 35. Qxe2 Qa1+ 36. Kg2 Kf8 37. Qf3+ Bf6 38. Qb7 Bd8 39. Bf3 Qf6 40. Bd5 Qf5 41. Qa8 Ke7 42. Qa1 Qg6 43. Qh8 Kd7 44. Qf8 Kc8 45. Bf3 Qe6 46. Qf4 Kc7 47. h4 Be7 48. Bd5 Qg6 49. Bf3 Qe6 50. Qc1 Kd8 51. Bc6 Bf8 52. Qa1 Ke7 53. Qa7+ Kf6 54. Bd5 Qe7 55. Qxb6 Kf5 56. Qa6 Bg7 57. Qc8+ Ke5 58. Qg4 1-0


[Site "http://www.Chess.com"]

[Event "FIDE World Rapid Chess Championship 2021"]
[White "Ghaem Maghami, Ehsan"]
[Black "Demchenko, Anton"]
[WhiteFideId "12500739"]
[BlackFideId "4160258"]
[WhiteElo "2553"]
[BlackElo "2666"]
[Result "1-0"]
[Round "12"]
[TimeControl "900+10"]
[Date "2021.12.28"]
[WhiteClock "0:00:20"]
[BlackClock "0:00:11"]

1. d4 Nf6 2. c4 g6 3. g3 Bg7 4. Bg2 O-O 5. Nc3 d6 6. e3 e5 7. Nge2 Nbd7 8. b3 Re8 9. h3 c6 10. O-O a6 11. Ba3 exd4 12. exd4 Nb6 13. Bc1 d5 14. c5 Nbd7 15. Na4 Ne4 16. Be3 b5 17. cxb6 Nxb6 18. Nac3 a5 19. Rc1 Nd6 20. Qd2 a4 21. g4 axb3 22. axb3 Ba6 23. Rfe1 Bxe2 24. Nxe2 Rc8 25. Rc2 f5 26. Rec1 fxg4 27. hxg4 Ne4 28. Qd3 Qd7 29. Qa6 Nc4 30. bxc4 Ra8 31. Qxa8 Rxa8 32. cxd5 cxd5 33. Nf4 Nf6 34. g5 Ne4 35. Rc5 Nxc5 36. Bxd5+ Kh8 37. Bxa8 Nb3 38. Rb1 Qa7 39. Bd5 Na5 40. Ne6 h5 41. gxh6 Bf6 42. Rb5 g5 43. Be4 Be7 44. Nxg5 Bxg5 45. Bxg5 Nc6 46. Bf6+ Kg8 47. h7+ 1-0


[Site "http://www.Chess.com"]

[Event "FIDE World Rapid Chess Championship 2021"]
[White "Tari, Aryan"]
[Black "Antipov, Mikhail Al."]
[WhiteFideId "1510045"]
[BlackFideId "4107012"]
[WhiteElo "2542"]
[BlackElo "2644"]
[Result "1-0"]
[Round "12"]
[TimeControl "900+10"]
[Date "2021.12.28"]
[WhiteClock "0:02:43"]
[BlackClock "0:00:09"]

1. e4 e5 2. Nf3 Nc6 3. Bb5 Nf6 4. d3 Ne7 5. O-O c6 6. Bc4 Ng6 7. Bb3 Be7 8. Re1 O-O 9. Nbd2 Qc7 10. Nc4 d6 11. Ne3 h6 12. Nf5 Kh7 13. h3 Be6 14. c3 Qd7 15. g4 Ng8 16. d4 exd4 17. Qxd4 Bf6 18. Qd3 Rad8 19. Be3 b6 20. Rad1 Bxb3 21. axb3 Qe6 22. N3d4 Qc8 23. f4 N8e7 24. Nxe7 Bxe7 25. Nf5 Rfe8 26. Qc4 Kg8 27. Qf1 Nh4 28. Ng3 Ng6 29. Nf5 Bf8 30. Bd2 Qe6 31. c4 f6 32. Bc3 Qf7 33. Qf3 a6 34. h4 Qc7 35. h5 Nh8 36. Re2 Nf7 37. Red2 Re6 38. Nh4 Rde8 39. Re2 b5 40. Ng6 b4 41. Bd4 d5 42. e5 fxe5 43. fxe5 dxc4 44. Rf1 Rd8 45. Ref2 Rd7 46. bxc4 Qd8 47. Qf5 Qe8 48. Nxf8 Kxf8 49. Qh7 Rxd4 50. Qh8+ Ke7 51. Qxg7 Kd8 52. Rxf7 1-0


[Site "http://www.Chess.com"]

[Event "FIDE World Rapid Chess Championship 2021"]
[White "Donchenko, Alexander"]
[Black "Riazantsev, Alexander"]
[WhiteFideId "24603295"]
[BlackFideId "4125029"]
[WhiteElo "2535"]
[BlackElo "2632"]
[Result "1-0"]
[Round "12"]
[TimeControl "900+10"]
[Date "2021.12.28"]
[WhiteClock "0:01:27"]
[BlackClock "0:00:00"]

1. d4 Nf6 2. c4 c5 3. d5 b5 4. cxb5 a6 5. bxa6 e6 6. Nc3 exd5 7. Nxd5 Be7 8. e3 O-O 9. Nf3 Nc6 10. Be2 Bxa6 11. Nxe7+ Qxe7 12. Bd2 Bxe2 13. Qxe2 Rfb8 14. Bc3 d5 15. a3 Ne4 16. O-O Rb3 17. Qd1 Qb7 18. Qxd5 Nd4 19. Qxb7 Ne2+ 20. Kh1 Rxb7 21. Be5 f6 22. Rae1 fxe5 23. Rxe2 Rab8 24. Nxe5 Rxb2 25. Rxb2 Rxb2 26. f3 Nd2 27. Rc1 c4 28. h4 Rb5 29. f4 Rb3 30. Nxc4 Nxc4 31. Rxc4 Rxe3 32. Ra4 Kf7 33. Kh2 h5 34. Ra5 Kg6 35. a4 Kh6 36. Re5 Ra3 37. a5 Ra4 38. g3 Ra2+ 39. Kg1 Ra3 40. Kf2 Ra2+ 41. Ke1 Ra3 42. Rg5 Rd3 43. Ke2 Rd4 44. Ke3 Rd1 45. Ke4 Rd2 46. Rd5 Ra2 47. Kd4 Ra3 48. Rg5 Ra4+ 49. Kc3 Ra1 50. Kb4 Rb1+ 51. Kc5 1-0


[Site "http://www.Chess.com"]

[Event "FIDE World Rapid Chess Championship 2021"]
[White "Czarnota, Pawel"]
[Black "Predke, Alexandr"]
[WhiteFideId "1121219"]
[BlackFideId "24107581"]
[WhiteElo "2511"]
[BlackElo "2630"]
[Result "1-0"]
[Round "12"]
[TimeControl "900+10"]
[Date "2021.12.28"]
[WhiteClock "0:06:13"]
[BlackClock "0:03:17"]

1. e4 e5 2. Nf3 Nc6 3. Bb5 a6 4. Ba4 Nf6 5. O-O Be7 6. Re1 b5 7. Bb3 Bb7 8. a4 O-O 9. d3 d6 10. Bg5 Nd7 11. Be3 Na5 12. Ba2 bxa4 13. Nc3 Nb6 14. Bxb6 cxb6 15. Nxa4 Nc6 16. Bd5 b5 17. Nc3 Kh8 18. d4 Bf6 19. dxe5 dxe5 20. Bb3 g6 21. Qxd8 Raxd8 22. Nd5 Bg7 23. c3 Rd6 24. Nc7 Nb8 25. Red1 Rc6 26. Nd5 h6 27. h4 Rc5 28. h5 g5 29. Nh2 Nc6 30. Ng4 a5 31. Nge3 a4 32. Ba2 Nd8 33. Nf5 Ne6 34. Nd6 Bc6 35. Ne7 Bd7 36. Nxf7+ Rxf7 37. Rxd7 1-0


[Site "http://www.Chess.com"]

[Event "FIDE World Rapid Chess Championship 2021"]
[White "Howell, David W L"]
[Black "Kozak, Adam"]
[WhiteFideId "410608"]
[BlackFideId "753246"]
[WhiteElo "2624"]
[BlackElo "2552"]
[Result "1-0"]
[Round "12"]
[TimeControl "900+10"]
[Date "2021.12.28"]
[WhiteClock "0:01:17"]
[BlackClock "0:00:20"]

1. Nf3 Nf6 2. c4 e6 3. g3 d5 4. Bg2 dxc4 5. Qa4+ Bd7 6. Qxc4 c5 7. Ne5 Qc8 8. Nc3 Nc6 9. Nxd7 Qxd7 10. O-O Rc8 11. d3 Be7 12. Bg5 b6 13. Qa4 O-O 14. Rfd1 Rfd8 15. Rac1 Nd5 16. Bd2 Bf6 17. Be1 g6 18. Kf1 Bg7 19. a3 Qe7 20. b4 Nxc3 21. Bxc3 Bxc3 22. Rxc3 Ne5 23. Rdc1 Rc7 24. bxc5 bxc5 25. Qf4 f6 26. d4 g5 27. Qe4 Rxd4 28. Qxd4 cxd4 29. Rxc7 Qxa3 30. Rb1 Nf7 31. Be4 f5 32. Bd3 Kg7 33. Rbb7 a5 34. Rxf7+ Kg6 35. g4 h6 36. Kg2 Qc1 37. Bxf5+ exf5 38. Rfc7 1-0


[Site "http://www.Chess.com"]

[Event "FIDE World Rapid Chess Championship 2021"]
[White "Dreev, Aleksey"]
[Black "Demidov, Mikhail"]
[WhiteFideId "4100107"]
[BlackFideId "4197143"]
[WhiteElo "2621"]
[BlackElo "2544"]
[Result "1/2-1/2"]
[Round "12"]
[TimeControl "900+10"]
[Date "2021.12.28"]
[WhiteClock "0:00:38"]
[BlackClock "0:00:33"]

1. d4 g6 2. e4 Bg7 3. Nf3 d6 4. Nc3 a6 5. Be3 b5 6. Bd3 Bb7 7. a4 b4 8. Ne2 Nf6 9. Ng3 O-O 10. Qd2 a5 11. Bh6 d5 12. Bxg7 Kxg7 13. e5 Ne4 14. Qf4 f5 15. h4 e6 16. Ng5 Qe7 17. f3 Nxg5 18. hxg5 Nc6 19. Qh4 Rh8 20. Ne2 Nd8 21. g4 Nf7 22. f4 Bc8 23. Nc1 c5 24. dxc5 Qxc5 25. Kd2 fxg4 26. Nb3 Qb6 27. Qxg4 Bd7 28. Qg1 Qxg1 29. Rhxg1 Nd8 30. Nd4 Be8 31. Rh1 Ra7 32. Rh4 Rf8 33. Rah1 Kg8 34. b3 Re7 35. Ke3 Nb7 36. Nf3 Nc5 37. Nh2 h5 38. gxh6 Nxd3 39. cxd3 d4+ 40. Kxd4 g5 41. Rg1 Rd7+ 42. Ke3 Bg6 43. Rxg5 Kh7 44. Ng4 Rxd3+ 45. Ke2 Rfd8 46. Nf6+ Kh8 47. Rxg6 Re3+ 48. Kf2 Rd2+ 49. Kxe3 Rd3+ 50. Ke4 Rd4+ 51. Kf3 Rd3+ 52. Kf2 Rd2+ 53. Kg3 Rd3+ 54. Kh2 Rh3+ 55. Kg1 Rg3+ 56. Kf2 Rf3+ 57. Ke2 Re3+ 58. Kd2 Rd3+ 59. Ke1 Re3+ 60. Kf1 Rf3+ 61. Kg1 Rg3+ 62. Rxg3 1/2-1/2


[Site "http://www.Chess.com"]

[Event "FIDE World Rapid Chess Championship 2021"]
[White "Santos Latasa, Jaime"]
[Black "Fridman, Daniel"]
[WhiteFideId "2293307"]
[BlackFideId "11600454"]
[WhiteElo "2618"]
[BlackElo "2542"]
[Result "0-1"]
[Round "12"]
[TimeControl "900+10"]
[Date "2021.12.28"]
[WhiteClock "0:01:34"]
[BlackClock "0:02:34"]

1. Nf3 d5 2. g3 Nf6 3. Bg2 c5 4. O-O Nc6 5. d4 e6 6. b3 cxd4 7. Nxd4 Bc5 8. Bb2 O-O 9. e3 Qe7 10. c4 dxc4 11. Nxc6 bxc6 12. bxc4 e5 13. Qc2 g6 14. Nd2 Rb8 15. Nb3 Ba3 16. Bxa3 Qxa3 17. Qc3 Qd6 18. Rfd1 Qc7 19. Qa5 Qe7 20. Qc5 Qxc5 21. Nxc5 Rb4 22. Nd3 Rxc4 23. Nxe5 Ra4 24. Nxc6 Be6 25. a3 Kg7 26. Rdb1 Rc8 27. Rb7 Bd7 28. Nxa7 Rxa3 29. Rbb1 Rxa1 30. Rxa1 Rc7 31. h3 h5 32. Bf1 Rb7 33. Bg2 Rc7 34. e4 h4 35. g4 Nh7 36. Ra5 Nf8 37. Bf1 Ne6 38. Ra3 Rb7 39. f3 Rb2 40. Rd3 Ba4 41. Nc8 Bb5 42. Rd1 Bxf1 43. Kxf1 Nf4 44. Rd7 Nxh3 45. e5 Rf2+ 46. Ke1 Rxf3 47. Nd6 Ng5 48. Ne8+ Kf8 49. Nd6 Re3+ 50. Kf2 Rxe5 51. Nc4 Re4 52. Ne3 Rf4+ 53. Ke2 h3 54. Rd1 Ne4 55. Nf1 Rxg4 56. Kf3 f5 57. Nh2 Rg2 58. Nf1 Rg1 59. Ke2 h2 60. Nxh2 Nc3+ 0-1


[Site "http://www.Chess.com"]

[Event "FIDE World Rapid Chess Championship 2021"]
[White "Chigaev, Maksim"]
[Black "Petrosyan, Manuel"]
[WhiteFideId "4108116"]
[BlackFideId "13300857"]
[WhiteElo "2605"]
[BlackElo "2514"]
[Result "1-0"]
[Round "12"]
[TimeControl "900+10"]
[Date "2021.12.28"]
[WhiteClock "0:00:31"]
[BlackClock "0:00:41"]

1. d4 Nf6 2. c4 e6 3. Nf3 d5 4. g3 Bb4+ 5. Nbd2 O-O 6. Bg2 b6 7. O-O Bb7 8. Ne5 Nc6 9. Nb1 Bd6 10. cxd5 exd5 11. Nxc6 Bxc6 12. Bg5 Bb7 13. Nc3 c6 14. e3 h6 15. Bxf6 Qxf6 16. Rc1 Qe7 17. a3 Rfd8 18. Re1 Qf8 19. Re2 h5 20. h4 g6 21. Rec2 Qe7 22. Rb1 Bc8 23. Ne2 Bf5 24. Rxc6 Bxb1 25. Qxb1 Kg7 26. Nc3 Qe8 27. Bxd5 Bxg3 28. Qa2 Bd6 29. Ne4 Be7 30. Rc7 Rac8 31. Rxa7 Rc1+ 32. Kg2 Rdc8 33. Nc3 Kf8 34. Qb3 Qd8 35. Bxf7 Bxh4 36. Ne4 Bxf2 37. Bd5 R1c7 38. Rxc7 Qxc7 39. Nxf2 h4 40. e4 Kg7 41. Qe3 Qc1 42. Qh3 Qg5+ 43. Qg4 Qxg4+ 44. Nxg4 Rc2+ 45. Kh3 g5 46. e5 Rd2 47. e6 Rd3+ 48. Kg2 Kf8 49. Ne5 Rd2+ 50. Kf3 g4+ 51. Ke3 Rd1 52. Nxg4 Ke7 53. a4 h3 54. Nf2 Rg1 55. Bf3 h2 56. d5 Rb1 57. Kf4 Rf1 58. Kg3 Kd6 59. Bg2 Rb1 60. Ne4+ Ke7 61. Kxh2 Rxb2 62. Kg3 b5 63. a5 b4 64. Bh3 Rb3+ 65. Kh4 Re3 66. d6+ Kf8 67. Bf5 1-0


[Site "http://www.Chess.com"]

[Event "FIDE World Rapid Chess Championship 2021"]
[White "Adly, Ahmed"]
[Black "Harsha, Bharathakoti"]
[WhiteFideId "10601619"]
[BlackFideId "5078776"]
[WhiteElo "2597"]
[BlackElo "2484"]
[Result "0-1"]
[Round "12"]
[TimeControl "900+10"]
[Date "2021.12.28"]
[WhiteClock "0:01:20"]
[BlackClock "0:00:00"]

1. d4 Nf6 2. Nf3 g6 3. Nc3 Bg7 4. e4 d6 5. Bg5 c6 6. Qd2 Nbd7 7. Bh6 Bxh6 8. Qxh6 Qa5 9. Bd3 Qh5 10. Qd2 O-O 11. Ne2 Kg7 12. Nf4 Qh6 13. Ng5 Kg8 14. h4 e5 15. Ne2 Qg7 16. O-O-O h6 17. Nf3 d5 18. Nxe5 dxe4 19. Nxd7 Bxd7 20. Bc4 Bg4 21. f3 exf3 22. gxf3 Bxf3 23. Rhg1 Ne4 24. Qf4 Bxe2 25. Bxe2 Rae8 26. Bc4 Re7 27. Rde1 Rfe8 28. Ref1 Nf6 29. Qxf6 Re1+ 30. Kd2 Qxf6 31. Rxf6 Rxg1 32. Rxf7 Kh8 33. Rxb7 Rg4 34. h5 gxh5 35. Rxa7 h4 36. Bd3 h3 37. Rh7+ Kg8 38. Rxh6 Rg2+ 39. Kc3 h2 40. a4 Re1 41. Kb4 Rf2 42. a5 h1=Q 43. Rxh1 Rxh1 44. a6 Kf7 45. Kc5 Ke7 46. Kb6 Kd6 47. a7 Rf8 48. Kb7 Ra1 49. Ba6 Ra2 50. b3 Rxc2 51. a8=Q Rxa8 52. Kxa8 Kc7 53. Ka7 Ra2 54. b4 Ra1 55. d5 cxd5 56. b5 Rb1 0-1


[Site "http://www.Chess.com"]

[Event "FIDE World Rapid Chess Championship 2021"]
[White "Timofeev, Artyom"]
[Black "Sanal, Vahap"]
[WhiteFideId "4140419"]
[BlackFideId "6300545"]
[WhiteElo "2591"]
[BlackElo "2509"]
[Result "0-1"]
[Round "12"]
[TimeControl "900+10"]
[Date "2021.12.28"]
[WhiteClock "0:00:19"]
[BlackClock "0:01:19"]

1. c4 Nf6 2. Nc3 g6 3. g3 Bg7 4. Bg2 O-O 5. d3 e5 6. Nf3 d6 7. O-O c6 8. e4 Na6 9. h3 Nc5 10. Be3 Re8 11. b4 Ne6 12. Qb3 Nh5 13. Ne2 f5 14. c5 d5 15. Rad1 d4 16. Bc1 Kh8 17. Kh2 Bd7 18. Nd2 b5 19. cxb6 axb6 20. exf5 gxf5 21. Nc4 Qc7 22. a4 f4 23. Bf3 Nf6 24. h4 b5 25. axb5 cxb5 26. Nd2 h5 27. Ne4 Ng4+ 28. Kg2 Bc6 29. Ng1 Qd7 30. Nh3 Bd5 31. Qb1 Bh6 32. Rde1 Rg8 33. Re2 Raf8 34. Qc2 Qg7 35. Kh1 Rc8 36. Qb2 Qd7 37. Bg2 Qc6 38. Bd2 Qb7 39. Ng1 Rcf8 40. Nf3 Qg7 41. Qc1 Rc8 42. Qe1 Qb7 43. Nd6 Qc6 44. Ne4 Rcf8 45. Rg1 Qa8 46. Qa1 Qb7 47. Qe1 Qe7 48. Qd1 Rg7 49. Rf1 Qb7 50. Ree1 Qf7 51. Nh2 Qg6 52. Nxg4 hxg4 53. f3 fxg3 54. fxg4 Bf4 55. Kg1 Qh6 56. Nxg3 Bxg2 57. Kxg2 Bxd2 58. Rxf8+ Nxf8 59. Rxe5 Ng6 60. Re8+ Kh7 61. h5 Nf4+ 62. Kh1 Be3 63. Ne4 Nxh5 64. gxh5 Qf4 0-1


[Site "http://www.Chess.com"]